Map: Blackpink EC

Players

llllllllllll - Winner!

  • Race: Zerg Zerg
  • League: Grandmaster
  • Spawn Location: 7:00

MechChicken

  • Race: Terran Terran
  • League: Master
  • Spawn Location: 1:00

VOD

Have the link to the VOD?

Description

Time

  • Played on: May 3, 2018, 10:17 a.m.
  • Length: 11:10
Show
View Real Time Build Order
Export as new Build Order

llllllllllll Zerg - Winner!

Build Orders: Hatch First 

Get SALT Encoding   

  12  0:00  Drone  
  13  0:12  Overlord  
  13  0:17  Drone  
  14  0:32  Drone x2  
  16  0:35  Drone  
  17  0:53  Hatchery  
  17  0:55  Drone  
  17  0:58  Drone  
  18  1:09  Drone  
  18  1:10  Extractor  
  18  1:15  Spawning Pool  
  17  1:18  Drone  
  18  1:39  Drone x2  
  20  1:58  Drone  
  21  2:02  Roach Warren  
  21  2:05  Queen x2  
  21  2:06  Zergling x4  
  26  2:12  Drone  
  27  2:17  Overlord  
  27  2:23  Drone  
  28  2:40  Drone x3  
  31  2:56  Roach x2  
  35  3:00  Overlord  
  35  3:20  Roach x2  
  35  3:21  Roach  
  35  3:23  Drone  
  35  3:24  Drone x2  
  44  3:29  Hatchery  
  44  3:31  Overlord  
  44  3:33  Overlord  
  43  3:51  Ravager x2  
  43  3:52  Drone  
  43  3:53  Drone x6  
  43  3:54  Drone x2  
  52  4:04  Overlord  
  46  4:32  Ravager  
  46  4:33  Drone x11  
  46  4:37  Extractor  
  46  4:38  Extractor  
  56  4:40  Evolution Chamber  
  56  4:41  Evolution Chamber  
  52  4:47  Spore Crawler  
  52  4:50  Spore Crawler  
  52  4:51  Spore Crawler  
  44  4:53  Queen  
  44  4:54  Spore Crawler  
  45  5:02  Drone  
  45  5:05  Lair, Spore Crawler  
  46  5:07  Drone x3  
  46  5:13  Roach  
  46  5:14  Roach x4  
  58  5:22  Spine Crawler  
  57  5:35  Drone  
  58  5:36  Drone x7  
  58  5:39  Drone  
  66  5:47  Zerg Missile Weapons Level 1  
  66  5:48  Zerg Melee Weapons Level 1  
  66  5:49  Overlord x2  
  66  5:52  Hatchery  
  63  6:12  Roach x4  
  63  6:13  Roach x2  
  63  6:14  Roach  
  74  6:27  Queen  
  74  6:28  Drone x2  
  75  6:43  Drone, Baneling Nest  
  75  6:55  Metabolic Boost  
  75  6:58  Roach  
  75  6:59  Roach x2  
  75  7:00  Overlord x5  
  75  7:01  Overlord  
  81  7:17  Roach  
  81  7:18  Roach x5  
  81  7:20  Overlord x3  
  81  7:22  Glial Reconstitution  
  93  7:26  Centrifical Hooks  
  89  7:58  Spore Crawler  
  86  8:06  Spore Crawler  
  86  8:07  Ravager  
  86  8:09  Spore Crawler  
  86  8:11  Drone x3  
  86  8:12  Drone  
  89  8:15  Queen  
  89  8:16  Spore Crawler  
  89  8:17  Zergling x16  
  89  8:18  Zergling x18, Spore Crawler  
  106  8:22  Zerg Melee Weapons Level 2  
  106  8:25  Zerg Missile Weapons Level 2  
  103  8:34  Zergling x2  
  103  8:35  Zergling x14  
  111  8:52  Roach  
  111  8:53  Roach x10  
  130  9:10  Zergling x2  
  130  9:11  Zergling x18  
  121  9:35  Spore Crawler  
  121  9:37  Spore Crawler  
  119  9:44  Drone x4  
  123  9:45  Zergling x2  
  123  9:46  Zergling x14  
  123  9:49  Baneling x6  
  123  9:50  Baneling x16  
  123  9:52  Baneling  
  131  9:53  Zergling x12  
  137  10:12  Zergling x16  
  137  10:13  Zergling x4  
  147  10:21  Overlord x3  
  147  10:23  Baneling x8, Overlord  
  147  10:24  Overlord  
  131  11:00  Hatchery  
Show
View Real Time Build Order
Export as new Build Order

MechChicken Terran 

Build Orders: Reaper Expand, Hellion Banshee, MMM Bio 

Get SALT Encoding   

  12  0:00  SCV  
  13  0:13  SCV  
  14  0:17  Supply Depot  
  14  0:25  SCV  
  15  0:39  SCV  
  15  0:40  Barracks  
  16  0:45  Refinery  
  16  0:51  SCV  
  17  1:03  SCV  
  18  1:15  SCV  
  19  1:28  Orbital Command, Reaper  
  20  1:43  Command Center  
  20  1:53  SCV  
  21  1:55  Supply Depot  
  21  2:00  Marine  
  22  2:06  SCV  
  23  2:10  Factory  
  23  2:16  Refinery  
  23  2:18  SCV  
  24  2:23  Barracks Reactor  
  24  2:31  SCV  
  25  2:43  SCV  
  26  2:55  SCV  
  27  3:05  Orbital Command  
  27  3:09  Starport  
  31  3:12  Hellion  
  31  3:13  Hellion  
  31  3:21  SCV  
  31  3:22  Barracks Tech Lab  
  32  3:29  Supply Depot  
  32  3:33  SCV  
  33  3:36  Hellion x2  
  33  3:37  SCV  
  38  3:45  SCV  
  38  3:49  SCV  
  39  3:57  SCV  
  39  3:58  Hellion  
  39  3:59  Hellion  
  39  4:00  Banshee  
  39  4:01  Cloaking Field  
  47  4:04  SCV  
  47  4:07  Supply Depot  
  45  4:23  Hellion x2  
  46  4:30  SCV  
  40  4:36  SCV  
  38  4:43  Banshee  
  38  4:44  Hellion x2  
  45  4:47  SCV  
  45  4:52  SCV  
  45  4:59  Armory, SCV  
  46  5:04  SCV  
  46  5:05  Hellion  
  49  5:11  SCV  
  49  5:13  Supply Depot, Barracks Tech Lab  
  50  5:16  SCV  
  50  5:19  Hellion, Supply Depot  
  53  5:23  SCV  
  53  5:28  Hellion, SCV  
  56  5:32  Banshee  
  56  5:35  SCV  
  61  5:40  Supply Depot  
  61  5:41  SCV  
  62  5:47  SCV  
  62  5:48  Hellion  
  62  5:49  Hellion  
  61  6:16  Hellion, SCV x2  
  63  6:20  Hellion, Command Center  
  59  6:30  SCV x2  
  59  6:32  Marine  
  60  6:33  Refinery x2  
  60  6:34  Stimpack  
  60  6:39  Barracks x2  
  60  6:40  Barracks  
  60  6:42  SCV x2  
  62  6:50  Marine  
  62  6:54  SCV x2  
  64  6:57  Engineering Bay  
  64  6:58  Engineering Bay  
  65  7:06  SCV x2  
  65  7:08  Marine  
  68  7:11  Medivac, Viking  
  72  7:15  Siege Tank  
  72  7:18  SCV x2  
  77  7:26  Marine  
  77  7:27  Barracks Reactor x3  
  78  7:30  Terran Infantry Weapons Level 1, SCV  
  78  7:31  Terran Infantry Armor Level 1, SCV  
  81  7:37  Orbital Command  
  81  7:43  Marine  
  80  7:51  Siege Tank  
  83  7:56  SCV x2  
  85  8:01  Marine  
  85  8:03  Orbital Command  
  85  8:04  Medivac x2  
  90  8:08  SCV  
  92  8:12  SCV  
  92  8:17  Marine x6  
  92  8:19  Marine  
  99  8:20  SCV  
  99  8:21  Bunker  
  99  8:24  Barracks x2  
  100  8:28  Supply Depot  
  100  8:33  Supply Depot  
  100  8:34  Combat Shields  
  100  8:35  Marine  
  100  8:39  Supply Depot  
  101  8:49  Medivac, Marine x2  
  101  8:50  Siege Tank, SCV  
  101  8:53  Supply Depot  
  101  8:54  Supply Depot, Medivac, Marine x4  
  111  9:08  Orbital Command  
  102  9:12  Marine  
  102  9:13  Marine  
  102  9:15  Marine x5  
  86  9:19  Medivac  
  86  9:21  SCV  
  86  9:22  Siege Tank  
  86  9:23  Supply Depot  
  89  9:30  SCV, Marine x2  
  90  9:33  SCV, Marine x4  
  90  9:35  SCV  
  96  9:40  Medivac  
  96  9:41  Marine  
  96  9:42  SCV  
  101  9:45  SCV  
  101  9:47  SCV  
  101  9:48  Marine  
  101  9:49  Medivac  
  101  9:50  Barracks Reactor x2  
  105  9:53  Bunker, Marine x4  
  105  9:54  Siege Tank  
  105  9:56  SCV  
  113  10:02  Marine x2  
  113  10:06  Marine  
  116  10:10  SCV  
  116  10:12  Supply Depot x2  
  117  10:14  Supply Depot x2  
  117  10:27  Siege Tank  
  107  10:35  Marine x6  
  98  10:36  Marine  
  98  10:41  Marine x2  
  104  10:49  Marine  
  95  10:50  Marine  
Tags
 
Add a new tag
Caveats
  • Supply blocks, unpowered buildings, or Contaminate may cause inaccurate times.
  • Supply counts are checked every 10 seconds.